 Dungeon Crawl Stone Soup version 0.7.1-16-gde135da character file.

167 Xorborg the Ruinous (level 3, 0/19 HPs)
             Began as a Demonspawn Wizard on Aug 12, 2010.
             Slain by Dral's ghost (8 damage)
             ... on Level 3 of the Dungeon.
             The game lasted 00:14:56 (2472 turns).

Xorborg the Ruinous (Demonspawn Wizard)             Turns: 2472, Time: 00:14:57

HP   0/19        AC  2     Str  8 Exp: 3/100 (0), need: 11
MP   2/9         EV 12     Int 19      God:
Gold 97          SH  0     Dex 11      Spells:  2 memorised,  4 levels left

Res.Fire  : . . .   See Invis. : .   (no weapon)
Res.Cold  : . . .   Warding    : .   a - +0 robe
Life Prot.: . . .   Conserve   : .   (no shield)
Res.Poison: .       Res.Corr.  : +   b - +0 wizard hat
Res.Elec. : .       Clarity    : .   (no cloak) Spirit.Shd: . Stasis : .
                                     (no gloves)
Sust.Abil.: . .     Rnd.Telep. : .   (no boots)
Res.Mut.  : .       Ctrl.Telep.: .   q - amulet of resist corrosion {unknown}
Res.Rott. : .       Levitation : .   (no ring)
Saprovore : . . .   Ctrl.Flight: .   (no ring)

@: somewhat resistant to hostile enchantments, fairly stealthy
A: horns 1, magic resistance 1
a: no special abilities


You were on level 3 of the Dungeon.
You were hungry.

You visited 1 branch of the dungeon, and saw 3 of its levels.

You collected 77 gold pieces.

Inventory:

Hand weapons
 g - a +0,+1 orcish dagger
 l - a +0,+0 knife
 s - a -1,+1 orcish dagger (quivered)
Armour
 a - a +0 robe (worn)
 b - a +0 wizard hat (worn)
 t - a +0 dwarven ring mail
Comestibles
 d - 4 bread rations
 r - a rotting chunk of quokka flesh
 u - a rotting chunk of giant gecko flesh
 z - a rotting chunk of giant newt flesh
 A - 2 chunks of goblin flesh
 C - a chunk of giant bat flesh
 D - a pear
Scrolls
 f - a scroll of fog {unknown}
 i - 3 scrolls of identify {unknown}
 k - 4 scrolls of teleportation {unknown}
 m - a scroll of enchant weapon I {unknown}
 n - a scroll of remove curse {unknown}
 o - 2 scrolls of detect curse {unknown}
 w - a scroll of magic mapping {unknown}
 y - a scroll of paper {unknown}
 B - a scroll of blinking {unknown}
Jewellery
 q - an amulet of resist corrosion (around neck) {unknown}
Potions
 e - a potion of restore abilities {unknown}
 h - 2 potions of speed {unknown}
 j - a potion of degeneration {unknown}
 p - a potion of invisibility {unknown}
 v - a potion of poison {unknown}
 x - a potion of healing
Books
 c - a book of Minor Magic [flame]

   Spells                             Type                      Level
   *Magic Dart                        Conjuration                  1
   Summon Small Mammals               Summoning                    1
   Throw Flame                        Conjuration/Fire             2
   Blink                              Translocation                2
   Slow                               Enchantment                  3
   *Mephitic Cloud                    Conjuration/Poison/Air       3
   Conjure Flame                      Conjuration/Fire             3
   You had 0 experience left.


   Skills:
 + Level 2 Dodging
 + Level 2 Stealth
 + Level 3 Spellcasting
 + Level 4 Conjurations


You had 4 spell levels left.
You knew the following spells:

 Your Spells              Type           Power        Success   Level
a - Magic Dart            Conj           ####.        Excellent   1
b - Mephitic Cloud        Pois/Air/Conj  ##........   Fair        3

Dungeon Overview and Level Annotations

Branches:
Dungeon (3/27)

Altars:


Innate Abilities, Weirdness & Mutations

You have a pair of small horns on your head.
You are resistant to magic.


Message History

Dral's ghost is lightly damaged.
Dral's ghost misses you. Dral's ghost hits you. Dral's ghost hits you.
Dral's ghost flies safely over a trap.
Dral's ghost hits you!
You die...

#.#.......##.#)###### #.#..........[.....#
#.#...........####.# #.#####.......# #.#
#.# #.......# #.# #.. #.#####.......# #.#
#.... #.##..........####.#### #...
#.##..................# #...
#.##.......#.#.###.##.####### #.. .
#.##########.#.# #.#........# #.. .#
#.##### #.#.# #.#..####.## #.# .# #.....#
#.#.# #.#..#<.#.# #)# ###.##### #..>).#
#.#.# #.#..#.##.# #.# #.......# #.....#
#.#.###.#..#.##.# #.# #...?...##
######.....# #.#.....#..#....# ##.#####
#........K ..%........# #.################
.......# #.......##. #######....#
#...............<# .......######((........
#....# ##################
.............)......... #############.###
..[.....(............. #...........#.#
..........pp.##....... #...........#.#
.............# ....... #...........#.#
.....)p####### ...... #...........#.#
.......# ..... #..........(#.# .......#
.... #.....%.....#.# .......# # #
#...........#.# ##.##### #..^........#.#
#K# #...........#.#
#.##########################p..........#.#
#.)............)...........@...........#.#
############################...........#.#
####.########.# #.# #.# #.# #.# #.# #.#
#.# #.#### #.# #....# #.###########.#
#...........%.# #############.# ###


You could see Dral's ghost.

Vanquished Creatures
  A snake (D:2)
  A giant gecko (D:3)
  9 giant bats
  4 giant cockroaches
  6 goblins
  9 hobgoblins
  9 kobolds
  An orc (D:3)
  2 quokkas
  A small snake (D:2)
  A giant newt (D:3)
  8 rats
  A toadstool (D:2)
53 creatures vanquished.

Vanquished Creatures (others)
  3 toadstools (D:2)
3 creatures vanquished.

Grand Total: 56 creatures vanquished

Notes
Turn   | Place    | Note
--------------------------------------------------------------
     0 | D:1      | Xorborg, the Demonspawn Wizard, began the quest for the Orb.
     0 | D:1      | Reached XP level 1. HP: 8/8 MP: 5/5
   613 | D:1      | Gained mutation: You have a pair of small horns on your head.
   613 | D:1      | Reached XP level 2. HP: 13/13 MP: 4/7
  1388 | D:2      | Gained mutation: You are resistant to magic.
  1388 | D:2      | Reached XP level 3. HP: 19/19 MP: 6/9
  1931 | D:3      | Learned a level 3 spell: Mephitic Cloud
  2009 | D:3      | Reached skill 4 in Conjurations
  2406 | D:3      | Noticed Dral's ghost
  2472 | D:3      | Slain by Dral's ghost
